 Dungeon Crawl Stone Soup version 0.29.1 (webtiles) character file.

Game seed: 3429285645283461401

732 qw the Cleaver (level 7, -4/61 HPs)
             Began as a Minotaur Berserker on Sept 13, 2022.
             Was a Priest of Trog.
             Succumbed to an orc wizard's poison
             ... on level 5 of the Dungeon.
             The game lasted 00:01:42 (5684 turns).

qw the Cleaver (Minotaur Berserker)                 Turns: 5684, Time: 00:01:43

Health: -4/61      AC:  7    Str: 24    XL:     7   Next: 45%
Magic:  6/6        EV: 13    Int:  4    God:    Trog [***...]
Gold:   159        SH:  0    Dex: 15    Spells: 6/6 levels left

rFire   . . .      SeeInvis .   i - +0 war axe
rCold   + . .      Faith    .   (no shield)
rNeg    . . .      Spirit   .   o - +0 acid dragon scales
rPois   .          Reflect  .   (helmet restricted)
rElec   .          Harm     .   (no cloak)
rCorr   +          Rampage  .   h - +0 pair of gloves
Will    .....                   (no boots)
Stlth   ..........              (no amulet)
HPRegen 0.20/turn               l - ring of protection from cold
MPRegen 0.10/turn               j - +6 ring of dexterity

@: confused, lethally poisoned (-4 -> -41), on berserk cooldown, slowed, very
slow
A: horns 2, retaliatory headbutt
a: Renounce Religion, Berserk, Trog's Hand


You were on level 5 of the Dungeon.
You worshipped Trog.
Trog was most pleased with you.
You visited 1 branch of the dungeon, and saw 5 of its levels.

You collected 263 gold pieces.
You spent 104 gold pieces at shops.


Innate Abilities, Weirdness & Mutations

You have a pair of horns on your head.
You reflexively headbutt those who attack you in melee.


   Skills:
 - Level 5.5 Fighting
 + Level 9.0 Axes
 - Level 1.0 Throwing
 - Level 2.4 Armour
 - Level 3.5 Dodging


You had 6 spell levels left.
You didn't know any spells.
Your spell library was empty.

Inventory:

Hand Weapons
 c - a +0 flail
 i - a +0 war axe (weapon)
Missiles
 d - 6 javelins (quivered)
Armour
 h - a +0 pair of gloves (worn)
 o - +0 acid dragon scales (worn)
Jewellery
 j - a +6 ring of dexterity (right hand)
 l - a ring of protection from cold (left hand)
 m - a ring of positive energy
Scrolls
 a - a scroll of fog {unknown}
 g - a scroll of identify
 p - a scroll of teleportation
Potions
 b - a potion of attraction {unknown}
 e - 2 potions of curing
 f - 2 potions of heal wounds
 k - a potion of mutation {unknown}
 n - a potion of degeneration {unknown}

Dungeon Overview and Level Annotations

Branches:
Dungeon (5/15)
 Temple: D:4-7

Altars:
Ashenzari

Shops:
D:2 !


Message History

You feel yourself moving faster!
You feel mighty!
You feel extremely sick.
The scorpion stings you but does no damage.
Something hits you.
You are lethally poisoned!
You hit the scorpion.
The scorpion is almost dead.
You barely miss something.
You feel very sick. The scorpion barely misses you. You furiously retaliate!
You headbutt the scorpion.
You kill the scorpion!
Trog accepts your kill.
You hear some strange, mumbled words.
You are confused.
Your Dodging skill increases to level 3!
You're too confused to attack without stumbling around!
There is a lethal amount of poison in your body!
You feel very sick.
You're too confused to attack without stumbling around!
There is a lethal amount of poison in your body!
You feel a strong urge to attack something.
You feel very sick. Something hits you but does no damage.
You are more poisoned.
You're too confused to attack without stumbling around!
There is a lethal amount of poison in your body!
You feel very sick.
You're too confused to attack without stumbling around!
There is a lethal amount of poison in your body!
You feel your anger nearly subside.
You feel very sick. Something hits you.
You are more poisoned.
You're too confused to attack without stumbling around!
There is a lethal amount of poison in your body!
You are no longer berserk.
You are exhausted.
You feel yourself slow down.
You die...

##..## #..# #...
#..# ... #..#
#.. #..#### #..#
#..#..## ...#
#......# ##..#
#......## ##))#
##.......# #.@{#
#........#
##..##
#........#
##..##
.........# #...#
.........#
##..##
.........###...#
##......###...##
#..######....#
##..### #....##


There were no monsters in sight!

Vanquished Creatures
  Duvessa (D:5)
  Pargi (D:4)
  A scorpion (D:5)
  Dowan (D:5)
  2 hounds (D:4)
  3 orc wizards
  9 gnolls
  7 adders
  2 worms
  4 dart slugs
  13 orcs
  8 endoplasms
  3 giant cockroaches (D:2)
  6 goblins
  6 hobgoblins
  8 jackals
  8 kobolds
  5 quokkas
  9 ball pythons
  9 bats
  4 frilled lizards
  5 rats
115 creatures vanquished.

Vanquished Creatures (others)
  A jelly (D:5)
1 creature vanquished.

Grand Total: 116 creatures vanquished

Notes
Turn   | Place    | Note
-------+----------+-------------------------------------------
     0 | D:1      | qw the Minotaur Berserker began the quest for the Orb.
     0 | D:1      | Reached XP level 1. HP: 19/19 MP: 0/0
     0 | D:1      | 0 ||| qw: Version: 0.1-a-119-g272c26d
     0 | D:1      | 0 ||| qw: Game counter: 11239
     0 | D:1      | 0 ||| qw: Always use a shield: true
     0 | D:1      | 0 ||| qw: Do Orc after D:15 true
     0 | D:1      | 0 ||| qw: Do second Lair branch before Depths: true
     0 | D:1      | 0 ||| qw: Lair rune preference: random
     0 | D:1      | 0 ||| qw: Plans: Normal
     0 | D:1      | 0 ||| PLANNING D:1-11
    98 | D:1      | 98 ||| Stepping ~*~*~tactically~*~*~ (hiding).
   299 | D:1      | 299 ||| Stepping ~*~*~tactically~*~*~ (stealth).
   305 | D:1      | 305 ||| INVOKING Berserk.
   307 | D:1      | Reached skill level 4 in Axes
   583 | D:1      | Reached XP level 2. HP: 23/26 MP: 1/1
   643 | D:1      | 643 ||| Stepping ~*~*~tactically~*~*~ (stealth).
   685 | D:1      | 685 ||| Stepping ~*~*~tactically~*~*~ (stealth).
   691 | D:1      | 691 ||| Stepping ~*~*~tactically~*~*~ (stealth).
   696 | D:1      | 696 ||| Stepping ~*~*~tactically~*~*~ (stealth).
   698 | D:1      | 698 ||| Stepping ~*~*~tactically~*~*~ (stealth).
   822 | D:1      | Found a faded altar of an unknown god.
   915 | D:1      | 915 ||| Stepping ~*~*~tactically~*~*~ (hiding).
   916 | D:1      | 916 ||| Stepping ~*~*~tactically~*~*~ (hiding).
   919 | D:1      | 919 ||| INVOKING Berserk.
   922 | D:1      | Reached skill level 5 in Axes
  1033 | D:1      | Reached XP level 3. HP: 30/31 MP: 2/2
  1097 | D:1      | 1097 ||| Stepping ~*~*~tactically~*~*~ (stealth).
  1479 | D:1      | 1479 ||| UPGRADING to +0 pair of gloves.
  1484 | D:1      | 1484 ||| UPGRADING to +6 ring of dexterity.
  1485 | D:1      | 1485 ||| READING scroll labelled LAESEO KIOM.
  1486 | D:1      | 1486 ||| READING scroll labelled LAZXA PI YNIU.
  1487 | D:1      | 1487 ||| READING scroll labelled YCKEMN ZEUT.
  1488 | D:1      | 1488 ||| READING scroll labelled FEITUJ RYIRUA.
  1489 | D:1      | 1489 ||| Stepping randomly (stuck).
  1490 | D:1      | 1490 ||| Stepping ~*~*~tactically~*~*~ (cloud).
  1836 | D:2      | 1836 ||| DROPPING +0 club.
  1841 | D:2      | Found Faysuosch's Distillery.
  1846 | D:2      | 1846 ||| BUYING potion of curing (39 gold).
  1846 | D:2      | Bought a potion of curing for 39 gold pieces
  1846 | D:2      | 1846 ||| BUYING potion of heal wounds (65 gold).
  1846 | D:2      | Bought a potion of heal wounds for 65 gold pieces
  1846 | D:2      | 1846 ||| SHOPLISTING potion of might (52 gold, have 21).
  1846 | D:2      | 1846 ||| SHOPLISTING potion of resistance (130 gold, have
                  | 21).
  1877 | D:2      | 1877 ||| Stepping ~*~*~tactically~*~*~ (stealth).
  1909 | D:2      | 1909 ||| FLEEEEING.
  1910 | D:2      | 1910 ||| FLEEEEING.
  1911 | D:2      | 1911 ||| FLEEEEING.
  1996 | D:2      | 1996 ||| Stepping ~*~*~tactically~*~*~ (stealth).
  1998 | D:2      | 1998 ||| Stepping ~*~*~tactically~*~*~ (hiding).
  2007 | D:2      | 2007 ||| INVOKING Berserk.
  2116 | D:2      | 2116 ||| Stepping ~*~*~tactically~*~*~ (hiding).
  2218 | D:2      | 2218 ||| Stepping ~*~*~tactically~*~*~ (hiding).
  2320 | D:2      | 2320 ||| Stepping ~*~*~tactically~*~*~ (hiding).
  2327 | D:2      | Reached skill level 6 in Axes
  2327 | D:2      | Reached XP level 4. HP: 30/39 MP: 3/3
  2466 | D:2      | 2466 ||| Stepping ~*~*~tactically~*~*~ (hiding).
  2474 | D:2      | Reached ** piety under Trog
  2618 | D:2      | 2618 ||| Stepping ~*~*~tactically~*~*~ (stealth).
  2619 | D:2      | 2619 ||| Stepping ~*~*~tactically~*~*~ (stealth).
  2620 | D:2      | 2620 ||| Stepping ~*~*~tactically~*~*~ (stealth).
  2690 | D:2      | 2690 ||| Stepping ~*~*~tactically~*~*~ (stealth).
  2692 | D:2      | 2692 ||| Stepping ~*~*~tactically~*~*~ (stealth).
  2694 | D:2      | 2694 ||| Stepping ~*~*~tactically~*~*~ (stealth).
  2709 | D:2      | Found a broken altar of Ashenzari.
  2810 | D:2      | 2810 ||| STAIRDANCE
  2897 | D:1      | 2897 ||| UPGRADING to +0 leather armour.
  2907 | D:1      | 2907 ||| DROPPING +0 animal skin.
  2908 | D:1      | 2908 ||| UPGRADING to ring of positive energy.
  2909 | D:1      | 2909 ||| READING 2 scrolls labelled YTEENL JESA.
  2910 | D:1      | 2910 ||| READING 2 scrolls labelled BESIANWEQEE.
  2911 | D:1      | 2911 ||| READING scroll of brand weapon.
  2911 | D:1      | 2911 ||| BRANDING +1 hand axe of draining.
  2914 | D:2      | 2914 ||| STAIRDANCE
  2945 | D:1      | 2945 ||| READING scroll labelled TAGEMU NOI.
  3267 | D:2      | 3267 ||| UPGRADING to ring of protection from cold.
  3269 | D:2      | 3269 ||| UPGRADING to +6 ring of dexterity.
  3384 | D:3      | 3384 ||| Stepping ~*~*~tactically~*~*~ (stealth).
  3385 | D:3      | 3385 ||| Stepping ~*~*~tactically~*~*~ (stealth).
  3387 | D:3      | 3387 ||| Stepping ~*~*~tactically~*~*~ (stealth).
  3420 | D:3      | 3420 ||| READING scroll of enchant weapon.
  3420 | D:3      | 3420 ||| ENCHANTING +1 hand axe of protection.
  3753 | D:3      | 3753 ||| UPGRADING to +0 scale mail.
  3763 | D:3      | 3763 ||| DROPPING +0 leather armour.
  3764 | D:3      | 3764 ||| UPGRADING to +0 acid dragon scales.
  3774 | D:3      | 3774 ||| DROPPING +0 scale mail.
  3775 | D:3      | 3775 ||| READING scroll labelled LUIJATZ VASI.
  3801 | D:4      | Reached skill level 7 in Axes
  3801 | D:4      | Reached XP level 5. HP: 40/45 MP: 4/4
  3801 | D:4      | 3801 ||| STAIRDANCE
  3870 | D:4      | 3870 ||| Stepping ~*~*~tactically~*~*~ (stealth).
  3890 | D:4      | 3890 ||| SWAPPING to +0 war axe.
  3891 | D:4      | 3891 ||| DROPPING +2 hand axe of protection.
  3934 | D:4      | Reached *** piety under Trog
  3936 | D:4      | 3936 ||| Stepping ~*~*~tactically~*~*~ (stealth).
  3939 | D:4      | 3939 ||| Stepping ~*~*~tactically~*~*~ (hiding).
  3942 | D:4      | 3942 ||| Stepping ~*~*~tactically~*~*~ (hiding).
  3943 | D:4      | 3943 ||| Stepping ~*~*~tactically~*~*~ (hiding).
  3947 | D:4      | 3947 ||| INVOKING Berserk.
  4258 | D:4      | 4258 ||| Stepping ~*~*~tactically~*~*~ (stealth).
  4259 | D:4      | 4259 ||| INVOKING Berserk.
  4426 | D:4      | Reached XP level 6. HP: 46/53 MP: 5/5
  4542 | D:4      | Noticed Pargi
  4547 | D:4      | 4547 ||| Stepping ~*~*~tactically~*~*~ (stealth).
  4549 | D:4      | 4549 ||| Stepping ~*~*~tactically~*~*~ (stealth).
  4549 | D:4      | Killed Pargi
  4550 | D:4      | Reached skill level 8 in Axes
  4552 | D:4      | 4552 ||| Stepping ~*~*~tactically~*~*~ (stealth).
  4587 | D:4      | 4587 ||| INVOKING Berserk.
  4698 | D:4      | 4698 ||| DROPPING +3 whip.
  4882 | D:4      | 4882 ||| Stepping ~*~*~tactically~*~*~ (hiding).
  4885 | D:4      | 4885 ||| Stepping ~*~*~tactically~*~*~ (hiding).
  4889 | D:4      | 4889 ||| INVOKING Berserk.
  4897 | D:4      | Reached skill level 9 in Axes
  5258 | D:4      | 5258 ||| DRINKING 2 smoky clear potions.
  5277 | D:4      | 5277 ||| DROPPING potion of lignification.
  5298 | D:5      | Entered Level 5 of the Dungeon
  5361 | D:5      | Noticed Dowan
  5361 | D:5      | Noticed Duvessa
  5362 | D:5      | 5362 ||| Stepping ~*~*~tactically~*~*~ (hiding).
  5364 | D:5      | 5364 ||| Stepping ~*~*~tactically~*~*~ (hiding).
  5370 | D:5      | 5370 ||| INVOKING Berserk.
  5374 | D:5      | Killed Duvessa
  5375 | D:5      | Reached XP level 7. HP: 61/61 MP: 6/6
  5378 | D:5      | Killed Dowan
  5670 | D:5      | 5670 ||| DRINKING 3 potions of curing.
  5670 | D:5      | 5670 ||| (to cure confusion)
  5673 | D:5      | Reached skill level 1 in Throwing
  5678 | D:5      | 5678 ||| INVOKING Berserk.
  5679 | D:5      | HP: 21/91 [poisoned by an orc wizard]
  5680 | D:5      | Reached skill level 3 in Dodging
  5682 | D:5      | HP: 7/91 [poisoned by an orc wizard]
  5683 | D:5      | HP: 3/91 [something (1)]
  5684 | D:5      | Succumbed to an orc wizard's poison

Levels and vault maps discovered:
D:1:      sevenhm_arrival_forest_fort_large_4, layout_loops_ring,
          ebering_ecumenical_altar_mist, minmay_pentomino_t2
D:2:      minmay_recursive_quarters, layout_loops_ring, serial_shops,
          nicolae_shop_stone, basic_altar, st_stairs_14, serial_bayou_crossing
D:3:      layout_rooms, chequers_avenue
D:4:      layout_layer_cave, uniq_pargi
D:5:      layout_cave_pods, fiery_altar_vehumet, uniq_duvessa

Skill      XL: |  1  2  3  4  5  6  7 |
---------------+----------------------+-----
Axes           | 4 5 6 7 9 |  9.0
Fighting       | 4 5 |  5.5
Throwing       | 1 |  1.0
Dodging        | 3 |  3.5
Armour         | |  2.4

Action                   |  1- 3 |  4- 6 |  7- 9 || total
-------------------------+-------+-------+-------++-------
Melee: Hand axe          |    78 |    73 |       ||   151
       Headbutt          |    12 |    18 |     4 ||    34
       Punch             |     1 |     1 |     1 ||     3
       War axe           |       |    52 |    15 ||    67
Throw: Boomerang         |       |    22 |       ||    22
       Javelin           |       |       |     3 ||     3
Invok: Berserk           |     3 |     5 |     1 ||     9
  Use: Scroll            |     4 |     6 |       ||    10
       Potion            |       |     1 |     1 ||     2
 Stab: Distracted        |     1 |       |       ||     1
Armor: Animal skin       |    10 |     4 |       ||    14
       Leather armour    |       |     6 |       ||     6
       Acid dragon scale |       |    19 |     8 ||    27
Dodge: Dodged            |    38 |    61 |    11 ||   110

Table legend:
 A = Non-vault XP
 B = Vault XP
 C = Vault XP percentage of total XP
 D = Non-vault monster count
 E = Vault monster count
 F = Vault count percentage of total count
                 A         B        C        D         E       F
            +---------+---------+-------+---------+---------+-------
      Total |     617 |     429 |  41.0 |      98 |      17 |  14.8
            +---------+---------+-------+---------+---------+-------
        D:1 |      46 |      17 |  27.0 |      21 |       3 |  12.5
        D:2 |      51 |      48 |  48.5 |      23 |      11 |  32.4
        D:3 |      20 |       0 |   0.0 |      11 |       0 |   0.0
        D:4 |     366 |     141 |  27.8 |      37 |       1 |   2.6
        D:5 |     134 |     223 |  62.5 |       6 |       2 |  25.0
            +---------+---------+-------+---------+---------+-------
